 Dungeon Crawl Stone Soup version 0.29.1-1-gd02db6906a (webtiles) character file.

Game seed: 1366239355693476263

32 H0rd4k the Insei (level 3, -1/23 HPs)
             Began as an Octopode Transmuter on Oct 17, 2022.
             Slain by Terence
             ... wielding a +0 short sword
              (4 damage)
             ... on level 2 of the Dungeon.
             The game lasted 00:00:54 (1962 turns).

H0rd4k the Insei (Octopode Transmuter)              Turns: 1962, Time: 00:00:55

Health: -1/23      AC:  3    Str:  9    XL:     3   Next: 25%
Magic:  5/6        EV: 13    Int: 17    God:
Gold:   58         SH:  0    Dex: 12    Spells: 5/6 levels left

rFire   + . .      SeeInvis .     - Unarmed
rCold   . . .      Faith    .   (no shield)
rNeg    . . .      Spirit   .   (helmet currently unavailable)
rPois   .          Reflect  .   (no amulet)
rElec   .          Harm     .   (no ring)
rCorr   .          Rampage  .   (no ring)
Will    .....                   (no ring)
Stlth   ++........              (no ring)
HPRegen 0.07/turn               (no ring)
MPRegen 0.10/turn               (no ring)
                                (no ring)
                                (no ring)

@: appendages
A: tentacle spike 3, almost no armour, amphibious, 8 rings, camouflage 1,
gelatinous body 1, (nimble swimmer 1), tentacles, beak, iridescent scales 1,
fire resistance 1
a: End Transformation


You were on level 2 of the Dungeon.
One of your tentacles had grown a beastly spike.
You visited 1 branch of the dungeon, and saw 2 of its levels.

You collected 58 gold pieces.

Inventory:

Missiles
 j - 3 poisoned darts
 k - 5 boomerangs of dispersal
Scrolls
 c - a scroll of magic mapping {unknown}
 f - a scroll of teleportation {unknown}
 h - a scroll of identify {unknown}
 i - a scroll of noise {unknown}
Potions
 a - a potion of lignification
 d - a potion of might {unknown}
 e - a potion of cancellation {unknown}
 g - a potion of curing {unknown}


   Skills:
 + Level 1.0 Fighting
 + Level 2.6 Dodging
 + Level 0.8 Stealth
 + Level 3.5 Unarmed Combat
 + Level 2.1 Spellcasting
 + Level 2.1 Transmutations


You had 5 spell levels left.
You knew the following spells:

 Your Spells              Type           Power      Damage    Failure   Level
a - Beastly Appendage     Tmut           18%        N/A       8%          1

Your spell library contained the following spells:

 Spells                   Type           Power      Damage    Failure   Level
 Wereblood                Tmut           9%         N/A       12%         2
 Spider Form              Tmut/Pois      5%         N/A       36%         3
 Ice Form                 Ice/Tmut       5%         N/A       77%         4


Dungeon Overview and Level Annotations

Branches:
Dungeon (2/15)

Altars:

Annotations:
D:2 Terence


Innate Abilities, Weirdness & Mutations

One of your tentacles has grown a beastly spike.
You cannot wear most types of armour.
You are amphibious.
You can wear up to eight rings at the same time.
Your skin changes colour to match your surroundings (Stealth+).
Your rubbery body absorbs attacks. (AC +1, EV +1)
((You are camouflaged when in or above water. (Stealth+)))
You have tentacles for arms and can constrict up to eight enemies at once.
You have a beak for a mouth.
You are partially covered in iridescent scales. (AC +2)
Your flesh is heat resistant. (rF+)


Message History

You open the door. You open the door.
There is an open door here.
Found 2 large rocks.
No target in view!
You see here 2 large rocks.
Terence the Incautious comes into view.
He is wielding a +0 short sword.
Terence is nearby!
Terence is nearby!
Terence is nearby!
You tentacle-slap Terence. Your grab misses Terence. You squeeze Terence.
Terence is moderately wounded.
Terence hits you with a +0 short sword.
Casting: Beastly Appendage (safe; 8% risk of failure)
Confirm with . or Enter, or press ? or * to list all spells.
One of your tentacles grows a vicious spike.
Terence hits you with a +0 short sword.
You closely miss Terence. Your grab misses Terence.
Your tentacle spike misses Terence.
Terence is moderately wounded.
Terence hits you with a +0 short sword.
You barely miss Terence. Your grab misses Terence.
You squeeze Terence, but do no damage.
Terence is moderately wounded.
Terence hits you with a +0 short sword.
* * * LOW HITPOINT WARNING * * *
You tentacle-slap Terence but do no damage.
You grab Terence.
Terence is moderately wounded.
You constrict Terence, but do no damage.
Terence hits you with a +0 short sword.
* * * LOW HITPOINT WARNING * * *
You release your grip on Terence.
You aren't carrying any items that you can evoke.
It was a potion of mutation.
You feel extremely strange.
Your mouth lengthens and hardens into a beak!
You feel resistant to heat.
Iridescent scales grow over part of your body.
Terence hits you with a +0 short sword.
You die...

#.... ####. #.# #. #.#
##' ####.#### ##..
#.......# ##... #
#.##..#.# ##....
...##.####.#.....###.....
.......@@..........'..[..
..#.#.####.......###.....
.. ###.#.### ##.... #.
####.##### ##... #
#........# ##..
#.##.###.# ##+ #.##.# #.#
#.##.###.######
#.##..........#


You could see Terence.

Vanquished Creatures
  A dart slug (D:1)
  An endoplasm (D:1)
  A giant cockroach (D:1)
  4 goblins (D:1)
  4 hobgoblins
  A quokka (D:1)
  3 ball pythons (D:1)
  2 bats (D:1)
  2 frilled lizards
  8 kobolds (D:1)
  4 rats (D:1)
31 creatures vanquished.

Notes
Turn   | Place    | Note
-------+----------+-------------------------------------------
     0 | D:1      | H0rd4k the Octopode Transmuter began the quest for the Orb.
     0 | D:1      | Reached XP level 1. HP: 13/13 MP: 3/3
   463 | D:1      | Reached XP level 2. HP: 18/18 MP: 5/5
  1250 | D:1      | Reached XP level 3. HP: 21/23 MP: 6/6
  1952 | D:2      | Noticed Terence
  1962 | D:2      | Gained mutation: You have a beak for a mouth. [potion of
                  | mutation]
  1962 | D:2      | Gained mutation: Your flesh is heat resistant. (rF+)
                  | [potion of mutation]
  1962 | D:2      | Gained mutation: You are partially covered in iridescent
                  | scales. (AC +2) [potion of mutation]
  1962 | D:2      | Slain by Terence

Illustrated notes

Levels and vault maps discovered:
D:1:      dpeg_arrival_solitude, layout_loops_corners, minmay_tripent
D:2:      layout_loops_corners, uniq_terence

Action                   || total
-------------------------++-------
Melee: Unarmed           ||    65
       Constrict         ||    20
       Tentacles         ||    13
       Punch             ||     1
 Cast: Beastly Appendage ||     1
  Use: Potion            ||     1
 Stab: Sleeping          ||     5
Armor: Skin              ||     3
Dodge: Dodged            ||    28
